Unix NetHack Version 5.0.0-0 post-release - last build Jun 10 2026 00:39:30 (3ee93aec679c4c4259841fe613dc97188e26a321,branch:main).

Game began 2026-07-09 07:21:15, ended 2026-07-09 08:29:01.

BATTLEMODE, chaotic female elven Wizard

                          ---------------    -----
    ------------          |.............|    |...|
    |..........|          |.............|    |...|       -------------
    |.....>....|         #-.............|    |...|       |...........|
    |..........|         #----------.----    |....###    +...........|
    |.d@e..$...|         #          #        |...|  ###  |...........|
    -|----------         #         ##        |....#   ###....).......|
     ##                  #    ######         -.---#######--|----------
      #                 ##   -|---         ####         ## #
      #                 #    |...|        ##             ##########
      ##        #       #    |.?.|        #                ###    ##
     --|---######       #    |...|        #                  #     #
     |....-#            #    |....##      #                 -.---  #  -------
     |....|        -----#    |...| ##     #               ##...%.[####|.!!!!|
     |....|   #####....|#    -----  ##  --.---------      # |...|    #-.!!!!|
     |<...| ###    |...|#            ###-........?..####### |...|     |.!!!!|
     |.....##      |...-#               |..........|        -----     -------
     --|---        -----                ------------
       #
BATTLEMODE the Conjurer   St:11 Dx:12 Co:13 In:20 Wi:12 Ch:10  Chaotic
Dlvl:5  $:418 HP:0(31) Pw:33(52) AC:6  Xp:5 T:2458  Satiated Fly

Latest messages:
 You destroy the paper golem!
 Welcome to experience level 5.
 You see here an unlabeled scroll.
 There is a bear trap here.
 You see here an unlabeled scroll.
 You fly over a bear trap.
 You hear the chime of a cash register.
 The door opens.
 You hear the chime of a cash register.
 You find a hidden door.
 This door is locked.
 Unlock it with your lock pick? [ynq] (q) y
 You succeed in picking the lock.
 The door resists!
 The door opens.
 You feel strong!
 You must have been exercising diligently.
 The door resists!
 The door opens.
 You hit the kitten.
 The kitten bites!
 The kitten bites!
 You hit the kitten.
 The kitten bites!
 The kitten bites!
 You hit the kitten.
 The kitten bites!
 In what direction? 8
 You kill the kitten!
 You see here a scroll labeled VELOX NEB.
 S - a scroll labeled VELOX NEB.
 In what direction? 6
 The spell hits the floating eye!
 The floating eye resists!
 You miss the floating eye.
 You are frozen by the floating eye's gaze!
 The little dog bites!
 The little dog bites!
 The little dog bites!
 The little dog bites!
 The little dog bites!
 The little dog bites!
 The little dog bites!
 The little dog bites!
 You die...
 Do you want your possessions identified? [ynq] (y) y
 Do you want to see your attributes? [ynq] (y) y
 Do you want an account of creatures vanquished? [ynaq] (y) y
 Do you want to see your conduct and achievements? [ynq] (y) y
 Do you want to see the dungeon overview? [ynq] (y) y

Inventory:
 Coins    ('$')
  $ - 418 gold pieces
 Amulets  ('"')
  O - an uncursed amulet of flying (being worn)
 Weapons  (')')
  x - a blessed +1 flail (weapon in right hand)
 Armor    ('[')
  F - a cursed +0 pair of kicking boots (being worn)
  t - a blessed +0 cloak of protection (being worn)
 Comestibles  ('%')
  J - 2 uncursed food rations
  Q - an uncursed egg
 Scrolls  ('?')
  M - an uncursed scroll of confuse monster
  S - a cursed scroll of enchant armor
  K - an uncursed scroll of fire
  s - an uncursed scroll of light
  j - an uncursed scroll of magic mapping
  h - an uncursed scroll of remove curse
  G - a cursed scroll of teleportation
 Spellbooks  ('+')
  l - an uncursed spellbook of cure blindness
  N - an uncursed spellbook of detect unseen
  k - a blessed spellbook of force bolt
  v - an uncursed spellbook of magic missile
 Potions  ('!')
  I - an uncursed potion of booze
  f - 3 uncursed potions of gain energy
  E - a blessed potion of gain level
  P - an uncursed potion of healing
  u - an uncursed potion of monster detection
  g - an uncursed potion of object detection
  y - an uncursed potion of sickness
 Rings    ('=')
  d - an uncursed ring of conflict
  e - an uncursed ring of searching (on left hand)
 Wands    ('/')
  c - a wand of light (0:14)
 Tools    ('(')
  n - an uncursed bell
  w - an uncursed lock pick
  m - a magic marker (0:21)

BATTLEMODE the Wizard's attributes:

Background:
 You were a Conjurer, a level 5 female elven Wizard.
 You were chaotic, nominally on a mission for Anhur
 who was opposed by Ptah (lawful) and Thoth (neutral).
 You were right-handed.
 You were in the Dungeons of Doom, on level 5.
 You entered the dungeon 2458 turns ago.
 You had 174 experience points, 146 more were needed to attain level 6.

Basics:
 You had 0 out of 31 hit points.
 You had 33 out of 52 energy points (spell power).
 Your armor class was 6.
 Your wallet contained 418 zorkmids.
 Autopickup was off.

Final Characteristics:
 Your strength was 11 (limit:18).
 Your dexterity was 12 (limit:18).
 Your constitution was 13 (limit:16).
 Your intelligence was 20 (limit:20).
 Your wisdom was 12 (limit:20).
 Your charisma was 10 (limit:18).

Final Status:
 You were flying.
 You were satiated.
 You were unencumbered.
 You were wielding a flail.
 You had no skill with flail.

Final Attributes:
 You were devoutly aligned.
 You were sleep resistant.
 You had automatic searching.
 You had infravision.
 You were protected.
 You are dead.

Miscellaneous:
 You didn't encounter any bones levels.
 Total elapsed playing time was 1 hour, 7 minutes and 33 seconds.

Major events:
 Turn
    1: BATTLEMODE the chaotic female elven Wizard entered the dungeon
  668: attained the rank of Conjurer (level 3)
 2458: killed by a little dog, while frozen by a floating eye's gaze

Spells:
 Name                 Level Category     Fail Retention
 force bolt             1   attack         0%   81%-90%
 cure blindness         2   healing       48%  76%-100%
 magic missile          2   attack         0%  91%-100%
 detect unseen          3   divination    76%  76%-100%

Skills:
 Fighting Skills
   bare handed combat [Unskilled]
   riding             [Unskilled]
 Weapon Skills
   dagger             [Unskilled]
   knife              [Unskilled]
   axe                [Unskilled]
   short sword        [Unskilled]
   club               [Unskilled]
   mace               [Unskilled]
   quarterstaff       [Basic]
   polearms           [Unskilled]
   spear              [Unskilled]
   trident            [Unskilled]
   sling              [Unskilled]
   dart               [Unskilled]
   shuriken           [Unskilled]
 Spellcasting Skills
   attack spells      [Basic]
   healing spells     [Unskilled]
   divination spells  [Unskilled]
   enchantment spells [Basic]
   clerical spells    [Unskilled]
   escape spells      [Unskilled]
   matter spells      [Unskilled]

Voluntary challenges:
 Character rerolling was not enabled.
 You were an atheist.
 You never genocided any monsters.
 You never polymorphed an object.
 You never changed form.
 You used no wishes.
Achievements:
 You attained the rank of Conjurer.
 You entered a shop.

 The Dungeons of Doom: levels 1 to 5
    Level 1:
    Level 2: "Alter, Chest"
       An altar, a fountain.
    Level 3:
       A general store.
    Level 4:
       A fountain.
    Level 5: <- You were here.
       A potion shop.
       Final resting place for
          you, killed by a little dog, while frozen by a floating eye's gaze.


Vanquished creatures:
  a shrieker
  a gray ooze
  2 paper golems
  a giant ant
  2 kittens
  2 homunculi
  a giant bat
  a monkey
  3 iguanas
  2 hobbits
  a large kobold
  a cave spider
  a gecko
  7 jackals
  a kobold
  2 goblins
  2 sewer rats
  4 grid bugs
  2 bats
  2 lichens
  4 kobold zombies
  2 newts
45 creatures vanquished.

No species were genocided or became extinct.

Game over:
                       ----------
                      /          \
                     /    REST    \
                    /      IN      \
                   /     PEACE      \
                  /                  \
                  |    BATTLEMODE    |
                  |      418 Au      |
                  |   killed by a    |
                  |    little dog    |
                  |                  |
                  |                  |
                  |       2026       |
                 *|     *  *  *      | *
        _________)/\\_//(\/(/\)/\//\/|_)_______

Goodbye BATTLEMODE the Wizard...

You died in The Dungeons of Doom on dungeon level 5 with 1273 points,
and 418 pieces of gold, after 2458 moves.
You were level 5 with a maximum of 31 hit points when you died.

